 Dungeon Crawl Stone Soup version 0.28.0 (webtiles) character file.

Game seed: 1477636142851828744

14814 browni3141 the Severer (level 11, -1/104 HPs)
             Began as a Minotaur Berserker on Feb 17, 2022.
             Was an Elder of Trog.
             Slain by an 18-headed hydra (7 damage)
             ... on level 3 of the Lair of Beasts.
             The game lasted 00:07:01 (12479 turns).

browni3141 the Severer (Minotaur Berserker)        Turns: 12479, Time: 00:07:02

Health: -1/104     AC: 18    Str: 27    XL:     11   Next: 93%
Magic:  10/10      EV: 11    Int:  4    God:    Trog [****..]
Gold:   252        SH:  8    Dex:  9    Spells: 10/10 levels left

rFire   . . .      SeeInvis .   h - +0 war axe (spect)
rCold   + . .      Faith    .   M - +0 kite shield of Xeerur {rPois rC+ rCorr}
rNeg    . . .      Spirit   .   n - +0 plate armour
rPois   +          Reflect  .   (helmet restricted)
rElec   .          Harm     .   (no cloak)
rCorr   +          Rampage  .   s - +0 pair of gloves
Will    .....                   G - +0 pair of boots {Fly}
Stlth   ..........              (no amulet)
HPRegen 0.27/turn               E - +4 ring of evasion
MPRegen 0.12/turn               (no ring)

@: on berserk cooldown, flying, slowed, very slow
A: horns 2, retaliatory headbutt
a: Renounce Religion, Berserk, Trog's Hand, Brothers in Arms


You were on level 3 of the Lair of Beasts.
You worshipped Trog.
Trog was greatly pleased with you.
You visited 3 branches of the dungeon, and saw 13 of its levels.
You also visited: Sewer.

You collected 594 gold pieces.
You spent 342 gold pieces at shops.


Innate Abilities, Weirdness & Mutations

You have a pair of horns on your head.
You reflexively headbutt those who attack you in melee.


   Skills:
 + Level 11.8 Fighting
 * Level 15.9 Axes
 + Level 11.4 Armour
 - Level 2.1 Dodging
 * Level 5.3 Shields
 + Level 2.7 Evocations


You had 10 spell levels left.
You didn't know any spells.
Your spell library was empty.

Inventory:

Hand Weapons
 a - a +0 hand axe
 h - a +0 spectral war axe (weapon)
 K - the +1 battleaxe of Moum {antimagic, Fly rC- Str+2 Int+4}
   (You bought it in a shop on level 3 of the Dungeon)

   It reduces the magical energy of the wielder, and disrupts the spells and
   magical abilities of those it strikes.
   Natural abilities and divine invocations are not affected.
   Str:       It affects your strength (+2).
   Int:       It affects your intelligence (+4).
   rC:        It makes you vulnerable to cold.
   Fly:       It grants you flight.
Missiles
 x - 6 curare-tipped darts (quivered) {@f4}
 B - 4 throwing nets
Armour
 b - a +0 animal skin
 i - a +0 scale mail
 l - a +0 pair of boots
 n - a +0 plate armour (worn)
 s - a +0 pair of gloves (worn)
 G - a +0 pair of boots of flying (worn)
 I - a +0 cloak
 M - the +0 kite shield of Xeerur (worn) {rPois rC+ rCorr}
   (You found it on level 1 of the Lair of Beasts)

   rC:        It protects you from cold.
   rPois:     It protects you from poison.
   rCorr:     It protects you from acid and corrosion.
Jewellery
 g - an amulet of regeneration
 C - a ring of protection from cold
 E - a +4 ring of evasion (left hand)
Wands
 w - a wand of iceblast (23)
 D - a wand of polymorph (1)
 J - a wand of paralysis (1)
 L - a wand of flame (10)
Scrolls
 m - a scroll of fog {@r5}
 o - a scroll of teleportation {@r4}
 p - 3 scrolls of magic mapping
 q - 4 scrolls of brand weapon
 r - 3 scrolls of immolation {!r}
 t - 3 scrolls of enchant armour
 u - 2 scrolls of blinking {@r3}
 y - a scroll of holy word
 F - 2 scrolls of enchant weapon
 N - a scroll of vulnerability {unknown}
 P - a scroll of torment {unknown}
 Q - 2 scrolls of identify {@r1}
 R - 2 scrolls of summoning
Potions
 c - a potion of degeneration {unknown}
 d - 2 potions of lignification {unknown}
 e - 3 potions of mutation {unknown}
 f - 4 potions of cancellation {unknown}
 j - 6 potions of curing {unknown}
 k - 2 potions of heal wounds {unknown}
 v - a potion of resistance {unknown}
 z - 2 potions of might {unknown}
 A - 2 potions of haste {unknown}
 H - a potion of flight {unknown}
 O - 2 potions of invisibility {unknown}

Dungeon Overview and Level Annotations

Branches:
Dungeon (9/15)             Temple (1/1) D:4            Lair (3/6) D:9
 Shoals (0/4) Lair:3          Orc (0/2) D:9           Sewer (visited)
  Snake: Lair:2-4    Spider: Lair:2-4

Altars:
Ashenzari
Cheibriados
Dithmenos
Elyvilon
Gozag
Kikubaaqudgha
Makhleb
Nemelex Xobeh
Okawaru
Qazlal
Trog
Vehumet
Xom
Yredelemnul

Shops:
D:3 (   D:4 ?

Annotations:
D:5 2 transporters

##############
............O##
(..........D..#
##.##..###.P@##
#.# ###..# ##
#..# #..# #.##
#.# #.## #.P#
##.##


You could see a 18-headed hydra (ally target) and a friendly ogre (summoned,
berserk).


Message History

The 18-headed hydra bites you but does no damage. x3
You block the 18-headed hydra's attack.
The 18-headed hydra bites you but does no damage. x2
You block the 18-headed hydra's attack. x2; The 18-headed hydra bites you!
* * * LOW HITPOINT WARNING * * *
The 18-headed hydra bites you but does no damage.
You are too injured to fight recklessly!
You are too injured to fight recklessly!
You are too injured to fight recklessly!
You are too injured to fight recklessly!
You feel a strong urge to attack something.
You are no longer berserk.
You are exhausted.
You feel yourself slow down.
Your ogre goes berserk!
The 18-headed hydra bites you but does no damage. x2
You block the 18-headed hydra's attack. The 18-headed hydra bites you!
* * * LOW HITPOINT WARNING * * *
The 18-headed hydra bites you but does no damage. x3
The 18-headed hydra bites you!
* * * LOW HITPOINT WARNING * * *
The 18-headed hydra bites you but does no damage. x3
You block the 18-headed hydra's attack.
The 18-headed hydra bites you but does no damage.
The 18-headed hydra barely misses you.
The 18-headed hydra bites you but does no damage.
The 18-headed hydra barely misses you.
The 18-headed hydra completely misses you.
The 18-headed hydra bites you!
You die...

Skill      XL: |  1  2  3  4  5  6  7  8  9 10 11 |
---------------+----------------------------------+-----
Axes           | 4 6 7 8 10 12 14 15 | 15.9
Fighting       | 4 5 6 7 9 10 11 | 11.8
Armour         | 3 4 5 7 9 10 11 | 11.4
Shields        | 5 |  5.3
Evocations     | 2 |  2.7
Dodging        | |  2.1

Action                   |  1- 3 |  4- 6 |  7- 9 | 10-12 || total
-------------------------+-------+-------+-------+-------++-------
Melee: Hand axe          |    59 |       |       |       ||    59
       Headbutt          |    10 |     9 |    36 |    31 ||    86
       War axe           |    11 |    87 |   239 |   138 ||   475
       Punch             |       |       |     2 |       ||     2
       Battleaxe         |       |       |       |    62 ||    62
Invok: Berserk           |       |     1 |     8 |     8 ||    17
       Trog's Hand       |       |     1 |       |     1 ||     2
       Brothers in Arms  |       |       |       |     1 ||     1
Evoke: Wand              |       |       |       |     1 ||     1
  Use: Scroll            |       |     1 |     4 |     6 ||    11
 Stab: Distracted        |     1 |       |       |     2 ||     3
       Paralysed         |       |       |       |     1 ||     1
Armor: Animal skin       |     7 |       |       |       ||     7
       Scale mail        |     1 |    31 |       |       ||    32
       Plate armour      |       |       |   139 |   133 ||   272
Dodge: Dodged            |    43 |    63 |   153 |   122 ||   381
Block: Kite shield       |       |       |       |    37 ||    37

Levels and vault maps discovered:
D:1:      matt_arrival_los_fun, layout_basic,
          shapermc_ecumenical_altar_mp_highgroup, minmay_misc_feat_five
D:2:      layout_basic
D:3:      layout_basic, serial_shops, nicolae_shop_waterfront, uniq_grinder
D:4:      layout_loops_corners, amcnicky_altar_gilded, temple_fountains,
          gup_sewer_entry_bubbles, nicolae_ossuary_entry_catacombs,
          serial_shops, shop, minmay_misc_feat_x, minmay_puff
D:5:      gammafunk_wand_slinger, layout_basic, minitemple, lemuel_old_faithful
D:6:      layout_basic, uniq_duvessa
D:7:      layout_rooms
D:8:      layout_basic, elyvilon_altar_1, uniq_harold
D:9:      layout_small_grid, dpeg_oklobed_lair, orc_0_dummy, solitary_fountain
Temple:   dpeg_three_leaves_temple
Lair:1:   layout_cellular_growth, serial_bayou, serial_bayou_crossing,
          serial_bayou_pond_a, serial_bayou_pond_d, serial_bayou_lagoon_a,
          serial_bayou_pond_a, wad_woods_06
Lair:2:   layout_loops_ring, serial_bayou_pond_d, uniq_sonja
Lair:3:   layout_long_grid, shoals_dummy_entry, spider_nest_entry_funnel_web,
          serial_bayou_shore_b, uniq_gastronok, uniq_nergalle, uniq_urug

Notes
Turn   | Place    | Note
-------+----------+-------------------------------------------
     0 | D:1      | browni3141 the Minotaur Berserker began the quest for the
                  | Orb.
     0 | D:1      | Reached XP level 1. HP: 19/19 MP: 0/0
   467 | D:1      | Reached skill level 4 in Axes
   467 | D:1      | Reached XP level 2. HP: 27/27 MP: 1/1
   792 | D:1      | Reached skill level 4 in Fighting
   891 | D:1      | Found a faded altar of an unknown god.
  1156 | D:2      | Reached skill level 3 in Armour
  1156 | D:2      | Reached XP level 3. HP: 28/33 MP: 2/2
  1279 | D:2      | Reached ** piety under Trog
  2109 | D:3      | Reached XP level 4. HP: 11/40 MP: 3/3
  2387 | D:3      | Noticed Grinder
  2396 | D:3      | Killed Grinder
  2397 | D:3      | Reached skill level 5 in Fighting
  2397 | D:3      | Reached skill level 6 in Axes
  2397 | D:3      | Reached skill level 4 in Armour
  2397 | D:3      | Reached XP level 5. HP: 48/48 MP: 4/4
  2403 | D:3      | Reached XP level 6. HP: 56/56 MP: 5/5
  2501 | D:3      | Found Quabaos's Antique Weapon Shop.
  2846 | D:4      | Found a radiant altar of Vehumet.
  2904 | D:4      | Found a glowing drain.
  2912 | Sewer    | Entered a sewer
  3137 | D:4      | Found a staircase to the Ecumenical Temple.
  3144 | D:4      | Reached skill level 7 in Axes
  3464 | D:4      | Found Jugopp's Magic Scroll Shoppe.
  3472 | D:4      | Bought a scroll of identify for 20 gold pieces
  3648 | D:4      | Reached skill level 5 in Armour
  3648 | D:4      | Reached XP level 7. HP: 58/62 MP: 6/6
  3765 | D:4      | Reached *** piety under Trog
  3817 | D:4      | Reached skill level 6 in Fighting
  4146 | Temple   | Entered the Ecumenical Temple
  4276 | D:5      | Entered Level 5 of the Dungeon
  4295 | D:5      | Reached skill level 8 in Axes
  4370 | D:5      | Found a transporter.
  4375 | D:5      | Noticed a kobold demonologist
  4398 | D:5      | Reached XP level 8. HP: 59/71 MP: 7/7
  4481 | D:5      | Reached skill level 6 in Armour
  4492 | D:5      | Reached skill level 9 in Axes
  4837 | D:5      | Found a transporter.
  4843 | D:5      | Reached skill level 7 in Fighting
  4997 | D:5      | Found an opulent altar of Gozag.
  4998 | D:5      | Found a burning altar of Makhleb.
  5000 | D:5      | Found a snail-covered altar of Cheibriados.
  5003 | D:5      | Found an iron altar of Okawaru.
  5004 | D:5      | Found a bloodstained altar of Trog.
  5004 | D:5      | Found a stormy altar of Qazlal.
  5006 | D:5      | Found a sparkling altar of Nemelex Xobeh.
  5007 | D:5      | Found a shadowy altar of Dithmenos.
  5008 | D:5      | Found a broken altar of Ashenzari.
  5269 | D:6      | Noticed Dowan
  5270 | D:6      | Noticed Duvessa
  5277 | D:6      | Killed Duvessa
  5278 | D:6      | Reached skill level 10 in Axes
  5279 | D:6      | Killed Dowan
  5379 | D:6      | Reached skill level 7 in Armour
  5495 | D:6      | Reached XP level 9. HP: 69/81 MP: 8/8
  5665 | D:6      | Reached skill level 8 in Fighting
  6233 | D:7      | Reached skill level 11 in Axes
  6382 | D:7      | Reached **** piety under Trog
  6707 | D:8      | Noticed Harold
  6719 | D:8      | Killed Harold
  6720 | D:8      | Reached skill level 9 in Fighting
  6720 | D:8      | Reached skill level 12 in Axes
  6720 | D:8      | Reached skill level 8 in Armour
  7060 | D:8      | Found a white marble altar of Elyvilon.
  7299 | D:8      | Reached skill level 9 in Armour
  7299 | D:8      | Reached XP level 10. HP: 33/91 MP: 9/9
  7320 | D:8      | Reached skill level 13 in Axes
  8317 | D:9      | Found a staircase to the Lair.
  8574 | D:9      | Reached skill level 10 in Fighting
  8845 | D:9      | Found a staircase to the Orcish Mines.
  9355 | D:3      | Bought a warped battleaxe for 322 gold pieces
  9355 | D:3      | Identified the +1 battleaxe of Moum {antimagic, Fly rC-
                  | Str+2 Int+4} (You bought it in a shop on level 3 of the
                  | Dungeon)
  9491 | Lair:1   | Entered Level 1 of the Lair of Beasts
  9520 | Lair:1   | Noticed a cane toad
  9525 | Lair:1   | Killed a cane toad
  9591 | Lair:1   | Noticed a cane toad
  9598 | Lair:1   | Killed a cane toad
  9599 | Lair:1   | Reached skill level 14 in Axes
  9599 | Lair:1   | Reached skill level 10 in Armour
  9848 | Lair:1   | Noticed a cane toad
  9857 | Lair:1   | Killed a cane toad
 10041 | Lair:1   | Reached XP level 11. HP: 96/101 MP: 3/10
 10340 | Lair:1   | Reached skill level 11 in Fighting
 10459 | Lair:1   | Reached skill level 15 in Axes
 10460 | Lair:1   | Identified the +0 kite shield of Xeerur {rPois rC+ rCorr}
 10695 | Lair:1   | Reached skill level 1 in Shields
 10698 | Lair:1   | Reached skill level 2 in Shields
 10698 | Lair:1   | Reached skill level 1 in Evocations
 11245 | Lair:2   | Reached skill level 11 in Armour
 11246 | Lair:2   | Reached skill level 3 in Shields
 11732 | Lair:2   | Reached skill level 4 in Shields
 11732 | Lair:2   | Reached skill level 2 in Evocations
 11947 | Lair:2   | Noticed Sonja
 11957 | Lair:2   | Killed Sonja
 11958 | Lair:2   | Reached skill level 5 in Shields
 12358 | Lair:3   | Found a staircase to the Shoals.
 12461 | Lair:3   | Noticed a four-headed hydra
 12479 | Lair:3   | HP: 6/104 [18-headed hydra (12)]
 12479 | Lair:3   | Slain by an 18-headed hydra

Vanquished Creatures
  Harold (D:8)
  Sonja (Lair:2)
  6 cane toads
  2 komodo dragons
  2 rime drakes
  A polar bear (Lair:2)
  Grinder (D:3)
  2 hornets (D:9)
  13 blink frogs
  A wyvern (D:9)
  19 yaks
  A steam dragon (D:8)
  An acid dragon (D:9)
  7 water moccasins
  Duvessa (D:6)
  4 orc warriors
  2 sky beasts
  A necrophage (D:4)
  2 ogres
  6 wolves (Lair:1)
  3 centaurs
  A kobold brigand (D:6)
  A gnoll sergeant (D:8)
  7 bullfrogs
  An elf skeleton (D:4)
  2 scorpions
  2 water moccasin skeletons
  Dowan (D:6)
  6 killer bees (D:9)
  A centaur zombie (D:6)
  2 howler monkeys (D:5)
  A human zombie (D:4)
  2 jellies
  2 hounds (D:5)
  6 orc priests
  2 centaur skeletons
  2 human skeletons (D:4)
  2 iguanas
  5 orc wizards
  A killer bee zombie (D:7)
  A hound skeleton (D:4)
  12 gnolls
  A howler monkey skeleton (D:5)
  6 adders
  2 river rats (D:4)
  A shadow imp (D:7)
  An adder skeleton (D:4)
  3 worms
  2 dart slugs (D:4)
  29 orcs
  2 bats
  6 endoplasms
  3 giant cockroaches
  2 goblins
  4 hobgoblins
  4 jackals (D:3)
  3 quokkas
  6 ball pythons
  5 frilled lizards
  12 kobolds
  An orc skeleton (D:4)
  An orc zombie (D:4)
  3 rats
234 creatures vanquished.

Vanquished Creatures (others)
  A bush (Lair:1)
  8 fungi
  52 plants
61 creatures vanquished.

Grand Total: 295 creatures vanquished

Table legend: (Time is in decaauts)
 A = Elapsed time spent in this place.
 B = Non-inter-level travel time spent in this place.
 C = Inter-level travel time spent in this place.
 D = Time resting spent in this place.
 E = Time spent auto-exploring this place.
 F = Levels seen in this place.
 G = Mean time per level.
                   A        B        C        D        E       F      G
               +--------+--------+--------+--------+--------+-----+--------+
         Total |  12697 |  11919 |    778 |    910 |   9290 |  14 |  906.9 |
       Dungeon |   9582 |   8861 |    721 |    575 |   6943 |   9 | 1064.7 |
        Temple |      6 |      6 |      0 |      0 |      0 |   1 |    6.0 |
          Lair |   3022 |   2965 |     57 |    334 |   2288 |   3 | 1007.3 |
         Sewer |     86 |     86 |      0 |      0 |     59 |   1 |   86.0 |
               +--------+--------+--------+--------+--------+-----+--------+

Top non-repeatable levels by time:
  Lair:1: 1672 daAuts
     D:4: 1586 daAuts
     D:8: 1450 daAuts
  Lair:2: 1120 daAuts
     D:1: 1062 daAuts
     D:6: 1036 daAuts
     D:2: 1036 daAuts
     D:5: 1017 daAuts
     D:9: 1015 daAuts
     D:7: 706 daAuts
     D:3: 670 daAuts
  Lair:3: 229 daAuts
   Sewer: 86 daAuts
  Temple: 6 daAuts

Table legend:
 A = Non-vault XP
 B = Vault XP
 C = Vault XP percentage of total XP
 D = Non-vault monster count
 E = Vault monster count
 F = Vault count percentage of total count
                 A         B        C        D         E       F
            +---------+---------+-------+---------+---------+-------
      Total |   18439 |    2724 |  12.9 |     212 |      22 |   9.4
            +---------+---------+-------+---------+---------+-------
        D:1 |      32 |       0 |   0.0 |      20 |       0 |   0.0
        D:2 |      15 |       0 |   0.0 |       7 |       0 |   0.0
        D:3 |     135 |     272 |  66.8 |      23 |       1 |   4.2
        D:4 |     292 |     251 |  46.2 |      13 |      15 |  53.6
        D:5 |    1118 |       0 |   0.0 |      29 |       0 |   0.0
        D:6 |     822 |     203 |  19.8 |      20 |       2 |   9.1
        D:7 |     543 |       0 |   0.0 |       9 |       0 |   0.0
        D:8 |    2079 |     868 |  29.5 |      18 |       1 |   5.3
        D:9 |    1758 |       0 |   0.0 |      24 |       0 |   0.0
     Lair:1 |    5976 |     352 |   5.6 |      25 |       2 |   7.4
     Lair:2 |    4965 |     778 |  13.5 |      20 |       1 |   4.8
     Lair:3 |     704 |       0 |   0.0 |       4 |       0 |   0.0
            +---------+---------+-------+---------+---------+-------
